 Dungeon Sprint DCSS version 0.26-a0-1102-g347fe5baa7 (webtiles) character file.

Game seed: 16613823275172956322

421 rocky1 the Frost Mage (level 6, -2/37 HPs)
             Began as a Deep Elf Ice Elementalist on Dec 16, 2020.
             Was a High Priest of Sif Muna.
             Slain by an unseen horror (9 damage)
             ... in the Dungeon (Sprint VII: "The Pits").
             The game lasted 00:04:26 (631 turns).

rocky1 the Frost Mage (Deep Elf Ice Elementalist)    Turns: 631, Time: 00:04:27

Health: -2/37      AC:  3    Str:  5    XL:     6   Next: 62%
Magic:  14/17      EV: 14    Int: 22    God:    Sif Muna [*****.]
Gold:   0          SH:  0    Dex: 15    Spells: 6/17 levels left

rFire    . . .     SeeInvis .   l - +2 quarterstaff (protect)
rCold    . . .     Faith    .   (shield currently unavailable)
rNeg     . . .     Spirit   .   c - +0 leather armour
rPois    .         Reflect  .   (no helmet)
rElec    .         Harm     .   (no cloak)
rCorr    .         Rampage  .   (no gloves)
Will     .....     NoTele   +   (no boots)
Stlth    ++........             (no amulet)
HPRegen  0.12/turn              (no ring)
MPRegen  0.15/turn              (no ring)

@: frozen ramparts
A: no striking features
a: Channel Magic, Forget Spell, Divine Exegesis, Renounce Religion


You were in the Dungeon.
You worshipped Sif Muna.
Sif Muna was extremely pleased with you.
You visited 1 branch

Inventory:

Hand Weapons
 l - a +2 quarterstaff of protection (weapon)
Armour
 c - a +0 leather armour (worn)
Scrolls
 d - 3 scrolls of remove curse
 h - a scroll of blinking
 i - 5 scrolls of amnesia
 j - a scroll of summoning
Potions
 a - 5 potions of curing
 b - 2 potions of invisibility
 e - a potion of haste
 f - 3 potions of magic
 g - 3 potions of berserk rage
 k - 5 potions of heal wounds


   Skills:
 + Level 3.4 Fighting
 + Level 4.1 Staves
 + Level 5.7 Dodging
 - Level 2.4 Stealth
 + Level 6.4 Spellcasting
 - Level 12.0 Ice Magic
 + Level 4.5 Invocations


You had 6 spell levels left.
You knew the following spells:

 Your Spells              Type           Power        Failure   Level
a - Freeze                Ice            ####         1%          1
b - Frozen Ramparts       Ice            ######       1%          3
c - Ozocubu's Armour      Ice            ######..     1%          3
d - Hailstorm             Conj/Ice       ####....     12%         4

Your spell library contained the following spells:

 Spells                   Type           Power        Failure   Level
 Ensorcelled Hibernation  Hex/Ice        ####..       1%          2
 Summon Ice Beast         Ice/Summ       ####....     12%         4
 Call Imp                 Summ           #.......     22%         2
 Passwall                 Tmut/Erth      #.......     22%         2
 Sublimation of Blood     Necr           #.........   22%         2
 Swiftness                Air            #.......     22%         2


Dungeon Overview and Level Annotations

Branches:
Dungeon (1/1)

Altars:
Ashenzari
Cheibriados
Dithmenos
Elyvilon
Fedhas
Gozag
Hepliaklqana
Kikubaaqudgha
Makhleb
Nemelex Xobeh
Okawaru
Qazlal
Ru
Sif Muna
Trog
Uskayaw
Vehumet
Wu Jian
Xom
Yredelemnul
Zin
The Shining One
Beogh
Jiyva
Lugonu


Message History

Deactivating autopickup; reactivate with Ctrl-A.
Unknown command.
Casting: Freeze (safe; 1% risk of failure)
Confirm with . or Enter, or press ? or * to list all spells.
You can't see any susceptible monsters within range! (Use Z to cast anyway.)
Casting: Freeze (safe; 1% risk of failure)
Confirm with . or Enter, or press ? or * to list all spells.
Casting: Frozen Ramparts (safe; 1% risk of failure)
Press: ? - help, Dir - look around You can't see any targets that would be affected.
The walls around you are covered in ice.
The wall freezes something. x2; Something hits you!
The wall freezes something.
Something hits you.
Unknown command.
You miss something.
The wall freezes something.
Something hits you!
* * * LOW HITPOINT WARNING * * *
The wall freezes something.
Something hits you.
* * * LOW HITPOINT WARNING * * *
The wall freezes something.
Something hits you!
You die...

#)#........##.......#
#)###########.......#
#.).....# #########
#.).#...# #...#...#
#.##.##.#+#
#...#...#.+
#...#...#'#
#.......'@#
###########


There were no monsters in sight!

Vanquished Creatures
  Edmund (D)
  A warg (D)
  A gnoll sergeant (D)
  A quasit (D)
  A worker ant (D)
  5 gnolls (D)
  An ufetubus (D)
  2 oozes (D)
  An adder skeleton (D)
  A leopard gecko (D)
  2 bat zombies (D)
  A hobgoblin (D)
  A kobold (D)
  A quokka (D)
  A frilled lizard (D)
21 creatures vanquished.

Notes
Turn   | Place    | Note
-------+----------+-------------------------------------------
     0 | D        | rocky1 the Deep Elf Ice Elementalist began the quest for
                  | the Orb.
     0 | D        | Reached XP level 1. HP: 10/10 MP: 6/6
    15 | D        | Noticed a worker ant
    24 | D        | Killed a worker ant
    25 | D        | Reached skill level 7 in Ice Magic
    25 | D        | Reached XP level 2. HP: 10/15 MP: 0/8
    52 | D        | Found a bloodstained altar of Trog.
    52 | D        | Found a shimmering blue altar of Sif Muna.
    52 | D        | Found a viscous altar of Jiyva.
    52 | D        | Found a hazy altar of Hepliaklqana.
    52 | D        | Found an opulent altar of Gozag.
    55 | D        | Found a glowing golden altar of the Shining One.
    55 | D        | Found a glowing silver altar of Zin.
    55 | D        | Found a basalt altar of Yredelemnul.
    55 | D        | Found a shimmering altar of Xom.
    55 | D        | Found an ornate altar of the Wu Jian Council.
    55 | D        | Found a sacrificial altar of Ru.
    55 | D        | Found a stormy altar of Qazlal.
    55 | D        | Found an iron altar of Okawaru.
    55 | D        | Found a sparkling altar of Nemelex Xobeh.
    55 | D        | Found a burning altar of Makhleb.
    55 | D        | Found a blossoming altar of Fedhas.
    55 | D        | Found a white marble altar of Elyvilon.
    55 | D        | Found a shadowy altar of Dithmenos.
    55 | D        | Found a snail-covered altar of Cheibriados.
    57 | D        | Found a radiant altar of Vehumet.
    57 | D        | Found a corrupted altar of Lugonu.
    57 | D        | Found a roughly hewn altar of Beogh.
    58 | D        | Found a hide-covered altar of Uskayaw.
    58 | D        | Found an ancient bone altar of Kikubaaqudgha.
    58 | D        | Found a broken altar of Ashenzari.
    60 | D        | Became a worshipper of Sif Muna the Loreminder
   139 | D        | Reached * piety under Sif Muna
   140 | D        | Reached skill level 8 in Ice Magic
   140 | D        | Reached XP level 3. HP: 19/19 MP: 6/9
   158 | D        | Learned a level 3 spell: Frozen Ramparts
   162 | D        | Learned a level 3 spell: Ozocubu's Armour
   167 | D        | Noticed Edmund
   170 | D        | Reached ** piety under Sif Muna
   179 | D        | Killed Edmund
   180 | D        | Reached skill level 12 in Ice Magic
   180 | D        | Reached XP level 4. HP: 8/24 MP: 3/10
   180 | D        | Reached XP level 5. HP: 9/28 MP: 3/11
   502 | D        | Noticed a warg
   509 | D        | Reached *** piety under Sif Muna
   509 | D        | Killed a warg
   510 | D        | Reached skill level 5 in Spellcasting
   510 | D        | Reached XP level 6. HP: 36/36 MP: 8/15
   515 | D        | Reached **** piety under Sif Muna
   516 | D        | Reached skill level 5 in Dodging
   533 | D        | Reached ***** piety under Sif Muna
   615 | D        | Identified Sif Muna's Witchery in Simple Steps (Sif Muna
                  | gifted it to you in the Dungeon)
   615 | D        | Received a gift from Sif Muna
   627 | D        | Learned a level 4 spell: Hailstorm
   631 | D        | Slain by an unseen horror

Illustrated notes

Levels and vault maps discovered:
D:        pitsprint [storerooms_1, entrance_room_1, metal_vault_4, armoury_2,
          mini_pit_1, grid_room_1, main_hall_1, silver_pit, the_coven_1,
          the_vestibule_1, steel_vault_4, golden_pit, hallway_of_sentries,
          crystal_vault_4, iron_vault_2, final_vault]

Skill      XL: |  1  2  3  4  5  6 |
---------------+-------------------+-----
Ice Magic      | 7 8 12 | 12.0
Fighting       | 2 3 |  3.4
Staves         | 3 4 |  4.1
Dodging        | 4 5 |  5.7
Spellcasting   | 5 6 |  6.4
Invocations    | 3 4 |  4.5
Stealth        | |  2.4

Action                   |  1- 3 |  4- 6 || total
-------------------------+-------+-------++-------
Melee: Quarterstaff      |     9 |    14 ||    23
 Cast: Freeze            |    14 |     2 ||    16
       Frozen Ramparts   |     2 |     3 ||     5
       Ozocubu's Armour  |     1 |     1 ||     2
  Use: Potion            |     3 |       ||     3
Armor: Robe              |    10 |       ||    10
       Leather armour    |       |     5 ||     5
Dodge: Dodged            |    26 |    14 ||    40

Table legend: (Time is in decaauts)
 A = Elapsed time spent in this place.
 B = Non-inter-level travel time spent in this place.
 C = Inter-level travel time spent in this place.
 D = Time resting spent in this place.
 E = Time spent auto-exploring this place.
 F = Levels seen in this place.
 G = Mean time per level.
                   A        B        C        D        E       F      G
               +--------+--------+--------+--------+--------+-----+--------+
         Total |    634 |    634 |      0 |    351 |      0 |   1 |  634.0 |
       Dungeon |    634 |    634 |      0 |    351 |      0 |   1 |  634.0 |
               +--------+--------+--------+--------+--------+-----+--------+

Top non-repeatable levels by time:
       D: 634 daAuts
